 Dungeon Crawl Stone Soup version 0.25-a0-294-gea9b1ad378 (webtiles) character file.

Game seed: 17359818507708659978, levelgen mode: deterministic

30 Mirvelgyr the Chopper (level 3, -4/31 HPs)
             Began as a Minotaur Berserker on Dec 18, 2019.
             Was a Believer of Trog.
             Slain by an orc
             ... wielding a +0 hand axe
              (8 damage)
             ... on level 2 of the Dungeon.
             The game lasted 00:01:05 (801 turns).

Mirvelgyr the Chopper (Minotaur Berserker)           Turns: 801, Time: 00:01:06

Health: -4/31      AC:  3    Str: 22    XL:     3   Next: 3%
Magic:  2/2        EV: 12    Int:  4    God:    Trog [**....]
Gold:   38         SH:  0    Dex:  9    Spells: 2/2 levels left

rFire    . . .     SeeInvis .   a - +0 hand axe
rCold    . . .     Gourm    .   (no shield)
rNeg     . . .     Faith    .   b - +0 leather armour
rPois    .         Spirit   .   (helmet restricted)
rElec    .         Reflect  .   (no cloak)
rCorr    .         Harm     .   (no gloves)
MR       .....                  (no boots)
Stlth    +.........             (no amulet)
HPRegen  0.10/turn              (no ring)
MPRegen  0.08/turn              (no ring)

@: no status effects
A: retaliatory headbutt, horns 2
a: Berserk, Trog's Hand, Renounce Religion


You were on level 2 of the Dungeon.
You worshipped Trog.
Trog was pleased with you.
You were not hungry.

You visited 1 branch of the dungeon, and saw 2 of its levels.

You collected 38 gold pieces.

Inventory:

Hand Weapons
 a - a +0 hand axe (weapon)
Armour
 b - a +0 leather armour (worn)
Scrolls
 f - a scroll of enchant armour {unknown}
 g - a scroll of teleportation {unknown}
 h - a scroll of magic mapping {unknown}
 j - a scroll of fear {unknown}
 k - a scroll of remove curse {unknown}
Potions
 e - 3 potions of curing {unknown}
 i - a potion of resistance {unknown}
Comestibles
 c - 3 rations
 d - 4 chunks of flesh


   Skills:
 - Level 3.6 Fighting
 + Level 5.1 Axes
 - Level 2.4 Armour
 - Level 2.1 Dodging


You had 2 spell levels left.
You didn't know any spells.
Your spell library was empty.

Dungeon Overview and Level Annotations

Branches:
Dungeon (2/15)

Altars:


Innate Abilities, Weirdness & Mutations

You reflexively headbutt those who attack you in melee.
You have a pair of horns on your head.


Message History

There is a stone staircase leading up here.
An orc is nearby!
An orc warrior comes into view. It is wielding a +6 battleaxe.
The orc warrior shouts!
A goblin, an orc and an orc wizard come into view.
The goblin shouts!
The orc wizard shouts!
The orc shouts!
A hobgoblin comes into view.
The hobgoblin shouts!
The orc misses you.
Found a stone staircase leading down.
The orc hits you but does no damage.
You closely miss the orc warrior. Your headbutt misses the orc warrior.
You barely miss the orc. The orc hits you but does no damage.
The orc warrior hits you with a +6 battleaxe!!
Ouch! That really hurt!
* * * LOW HITPOINT WARNING * * *
The orc completely misses you. The orc hits you with a +0 hand axe.
* * * LOW HITPOINT WARNING * * *
The orc wizard barely misses you. The orc hits you with a +0 hand axe!
You die...

.> . ... .##
... ..# #.#
#.# #.# #.#
#.# ##.##
#.###.@.##
#.##.goog#..#
#<....o....>#
####.o...##.#
##...## #
##.## #...
...## .##


You could see an orc warrior, an orc wizard, 2 orcs, a hobgoblin and a goblin.

Vanquished Creatures
  2 dart slugs (D:1)
  2 goblins (D:1)
  5 hobgoblins (D:1)
  6 bats (D:1)
  4 frilled lizards (D:1)
  2 kobolds (D:1)
  6 rats (D:1)
27 creatures vanquished.

Notes
Turn   | Place    | Note
-------+----------+-------------------------------------------
     0 | D:1      | Mirvelgyr the Minotaur Berserker began the quest for the
                  | Orb.
     0 | D:1      | Reached XP level 1. HP: 19/19 MP: 0/0
    72 | D:1      | Reached skill level 4 in Axes
    79 | D:1      | Reached XP level 2. HP: 18/26 MP: 1/1
   424 | D:1      | Reached skill level 5 in Axes
   623 | D:1      | Reached ** piety under Trog
   623 | D:1      | Reached XP level 3. HP: 31/31 MP: 2/2
   795 | D:2      | Noticed an orc warrior
   801 | D:2      | Slain by an orc

Levels and vault maps discovered:
D:1:      dpeg_arrival_court, layout_loops_ring, minmay_misc_feat_hallway,
          minmay_pentomino_x4
D:2:      layout_loops_ring, first_ration

Skill      XL: |  1  2 |
---------------+-------+-----
Axes           | 4 5 |  5.1
Fighting       | |  3.6
Armour         | |  2.4
Dodging        | |  2.1

Action                   || total
-------------------------++-------
Melee: Hand axe          ||    44
       Headbutt          ||     3
Armor: Animal skin       ||     5
       Leather armour    ||     9
Dodge: Dodged            ||    34

Table legend:
 A = Non-vault XP
 B = Vault XP
 C = Vault XP percentage of total XP
 D = Non-vault monster count
 E = Vault monster count
 F = Vault count percentage of total count
                 A         B        C        D         E       F
            +---------+---------+-------+---------+---------+-------
      Total |      37 |       6 |  14.0 |      23 |       4 |  14.8
            +---------+---------+-------+---------+---------+-------
        D:1 |      37 |       6 |  14.0 |      23 |       4 |  14.8
            +---------+---------+-------+---------+---------+-------
